 Dungeon Crawl Stone Soup version 0.31-a0-845-g9abc20d24f (webtiles) character file.

Game seed: 4373697343794755871

56 mcwallace the Ruffian (level 3, 0/29 HPs)
             Began as a Draconian Shapeshifter on Oct 2, 2023.
             Killed from afar by Natasha (6 damage)
             ... with a magic dart
             ... on level 2 of the Dungeon.
             The game lasted 00:01:23 (981 turns).

mcwallace the Ruffian (Draconian Shapeshifter)       Turns: 981, Time: 00:01:24

Health: 0/29       AC:  5    Str: 18    XL:     3   Next: 71%
Magic:  3/3        EV: 12    Int: 10    God:
Gold:   10         SH:  0    Dex: 10    Spells: 2/2 levels left

rFire   . .          .
                       - Unarmed
rCold   . . .        (no shield)
rNeg    . . .        (body armour unavailable)
rPois   .            (helmet currently unavailable)
rElec   .            (cloak currently unavailable)
rCorr   .            (gloves currently unavailable)
SInv    .            (boots currently unavailable)
Will    .....        (no amulet)
Stlth   +            (no ring)
HPRegen 0.24/turn    (no ring)
MPRegen 0.08/turn

%: no passive effects
@: beast-form, slowed, very slow
A: beast (slay +1), AC +5, unfitting armour, cold-blooded
a: Begin Untransformation


You were on level 2 of the Dungeon.
You were a hulking beast.
You visited 1 branch of the dungeon, and saw 2 of its levels.

You collected 10 gold pieces.


Innate Abilities, Weirdness & Mutations

You are a hulking beast.
Your limbs bulge with bestial killing power. (Slay +1)
Your plain brown scales are hard. (AC +5)
You cannot fit into any form of body armour.
You are cold-blooded and may be slowed by cold attacks.


   Skills:
 + Level 2.1 Fighting
 + Level 2.3 Dodging
 + Level 3.5 Unarmed Combat
 + Level 3.4 Shapeshifting


You had 2 spell levels left.
You didn't know any spells.
Your spell library was empty.

Inventory:

Talismans
 b - a beast talisman (active)
 c - a flux talisman
Scrolls
 d - a scroll of identify {unknown}
 f - 2 scrolls of poison {unknown}
 g - a scroll of noise {unknown}
 h - a scroll of butterflies {unknown}
Potions
 a - a potion of lignification {!q}
 e - 2 potions of curing {unknown}

Dungeon Overview and Level Annotations

Branches:
Dungeon (2/15) Zot: 11018

Altars:

Annotations:
D:2 Natasha

.# .# .# .# #.# #J#
##.## ##h..## ##
##.#h#.######## ..
#.##5......h..#
##.###.######.######
##.#.## #.......
##.## ######## ###


You could see Natasha, a cerulean imp (summoned) and an endoplasm.


Message History

Done exploring.
No target in view!
Done exploring.
There is a stone staircase leading down here.
You climb downwards.
There is a stone staircase leading up here.
A quokka is nearby!
You closely miss the quokka.
Your tail-slap misses the quokka.
The quokka barely misses you.
You hit the quokka.
The quokka bites you but does no damage.
You closely miss the quokka. The quokka barely misses you.
You punch the quokka!
You kill the quokka!
Found a stone staircase leading up.
No target in view!
A giant cockroach comes into view.
A giant cockroach is nearby!
A giant cockroach is nearby!
A giant cockroach is nearby!
You barely miss the giant cockroach.
The giant cockroach bites you but does no damage.
You hit the giant cockroach.
The giant cockroach bites you but does no damage.
You hit the giant cockroach.
You kill the giant cockroach!
No target in view!
No target in view!
Natasha, Servant of Life and Death comes into view.
Natasha closely misses you.
Natasha is nearby!
You punch Natasha! You tail-slap Natasha.
Natasha casts a spell.
You hit Natasha but do no damage.
Your tail-slap misses Natasha.
Natasha closely misses you.
You miss Natasha. The cerulean imp barely misses you.
Natasha claws you. 😕 HP[-6]
You take 6 damage, and now have 23/29 hp.
MASSIVE DAMAGE!! (PAUSE)
You hit Natasha.
The cerulean imp hits you with a +6 spear.
Natasha claws you but does no damage. 😮 HP[-5]
You take 5 damage, and now have 18/29 hp.
You hit Natasha.
The cerulean imp hits you with a +6 spear!
* * * LOW HITPOINT WARNING * * *
Natasha casts a spell at you. The magic dart hits you.
* * * LOW HITPOINT WARNING * * *
😱 HP[-12]
You take 12 damage, and now have 6/29 hp.
MASSIVE DAMAGE!! (PAUSE)
You hit Natasha.
You kill Natasha!
Natasha screams in pain as she dies!
The cerulean imp disappears in a puff of smoke!
Your Fighting skill increases to level 2! 😱 HP[+1] Natasha, Servant of Life and Death comes into view.
Natasha hisses angrily.
Natasha howls an incantation.
You feel disoriented. 😨 HP[+1] Natasha stares at you and mumbles some strange words.
The magic dart hits you.
* * * LOW HITPOINT WARNING * * *
😱 HP[-5]
You take 5 damage, and now have 3/29 hp. 😱 HP[+1] Natasha mumbles some strange words. 😱 HP[+1] Natasha stares at you and mumbles some strange words.
You resist with significant effort. 😱 HP[+1] 😱 HP[+1] 😨 HP[+1] 😨 HP[+1]
An endoplasm comes into view.
Natasha claws you but does no damage.
You closely miss Natasha.
Natasha mumbles some strange words.
You hit Natasha.
Your tail-slap misses Natasha.
Natasha casts a spell at you.
You feel yourself slow down.
The cerulean imp hits you from afar with a +1 spear.
* * * LOW HITPOINT WARNING * * *
😱 HP[-2]
You take 2 damage, and now have 7/29 hp.
You hit Natasha. Natasha claws you but does no damage.
The cerulean imp hits you from afar with a +1 spear.
* * * LOW HITPOINT WARNING * * *
Natasha barely misses you. 😱 HP[-1]
You take 1 damage, and now have 6/29 hp.
You hit Natasha but do no damage. The cerulean imp closely misses you.
Natasha stares at you and mumbles some strange words.
The magic dart hits you.
You die...
Natasha begins licking her fur clean.

Skill      XL: |  1  2  3 |
---------------+----------+-----
Dodging        | 2 |  2.3
Fighting       | 2 |  2.1
Unarmed Combat | |  3.5
Shapeshifting  | |  3.4

Action                     || total
---------------------------++-------
  Melee: Unarmed           ||    74
         Tailslap          ||     5
   Stab: Sleeping          ||     3
 Armour: Skin              ||    33
  Dodge: Dodged            ||    40

Levels and vault maps discovered:
D:1:      amcnicky_arrival_underground_garden, layout_basic
D:2:      layout_loops_ring, basic_altar, serial_bayou_ford_a,
          wad_floor_pattern_untrapped, lightli_corner_chamber, uniq_robin,
          uniq_natasha, uniq_sigmund

Notes
Turn   | Place    | Note
-------+----------+-------------------------------------------
     0 | D:1      | mcwallace the Draconian Shapeshifter began the quest for
                  | the Orb.
     0 | D:1      | Reached XP level 1. HP: 16/16 MP: 1/1
     0 | D:1      | magus.rc [v1.9.6]
   136 | D:1      | Reached skill level 2 in Dodging
   137 | D:1      | Reached XP level 2. HP: 20/23 MP: 2/2
   856 | D:1      | Reached XP level 3. HP: 27/29 MP: 3/3
   940 | D:2      | Noticed Natasha
   946 | D:2      | HP: 6/29 [Natasha/magic dart (4)]
   947 | D:2      | Killed Natasha
   948 | D:2      | Reached skill level 2 in Fighting
   948 | D:2      | Noticed Natasha
   954 | D:2      | HP: 3/29 [Natasha/magic dart (5)]
   979 | D:2      | HP: 7/29 [cerulean imp/+1 spear[Natasha] (2)]
   981 | D:2      | Killed from afar by Natasha

Vanquished Creatures
  Natasha (D:2)
  2 bats (D:1)
  4 endoplasms (D:1)
  2 giant cockroaches
  5 goblins (D:1)
  2 hobgoblins (D:1)
  2 kobolds (D:1)
  3 quokkas
  3 ball pythons (D:1)
  2 frilled lizards (D:1)
  2 rats (D:1)
28 creatures vanquished.

Table legend:
 A = Non-vault XP
 B = Vault XP
 C = Vault XP percentage of total XP
 D = Non-vault monster count
 E = Vault monster count
 F = Vault count percentage of total count
                 A         B        C        D         E       F
            +---------+---------+-------+---------+---------+-------
      Total |      46 |      35 |  43.2 |      27 |       1 |   3.6
            +---------+---------+-------+---------+---------+-------
        D:1 |      42 |       0 |   0.0 |      25 |       0 |   0.0
        D:2 |       4 |      35 |  89.7 |       2 |       1 |  33.3
            +---------+---------+-------+---------+---------+-------

Skill      XL: |  1  2  3 |
---------------+----------+-----
Dodging        | 2 |  2.3
Fighting       | 2 |  2.1
Unarmed Combat | |  3.5
Shapeshifting  | |  3.4

Action                     || total
---------------------------++-------
  Melee: Unarmed           ||    74
         Tailslap          ||     5
   Stab: Sleeping          ||     3
 Armour: Skin              ||    33
  Dodge: Dodged            ||    40

Illustrated notes

Table legend:
 A = Kills in this place as a percentage of kills in the entire game.
 B = Kills by you in this place as a percentage of kills by you in the entire game.
 C = Kills by friends in this place as a percentage of kills by friends in the entire game.
 D = Other kills in this place as a percentage of other kills in the entire game.
 E = Experience gained in this place as a percentage of experience gained in the entire game.
 F = Experience gained in this place divided by the number of levels of this place that you have seen.
                   A       B       C       D       E      F
               +-------+-------+-------+-------+-------+----------------------
         Total | 100.0 | 100.0 |   N/A |   N/A | 100.0 |  40.5
       Dungeon | 100.0 | 100.0 |   N/A |   N/A | 100.0 |  40.5
               +-------+-------+-------+-------+-------+----------------------

Table legend: (Time is in decaauts)
 A = Elapsed time spent in this place.
 B = Non-inter-level travel time spent in this place.
 C = Inter-level travel time spent in this place.
 D = Time resting spent in this place.
 E = Time spent auto-exploring this place.
 F = Levels seen in this place.
 G = Mean time per level.
                   A        B        C        D        E       F      G
               +--------+--------+--------+--------+--------+-----+--------+
         Total |    980 |    958 |     22 |      0 |    771 |   2 |  490.0 |
       Dungeon |    980 |    958 |     22 |      0 |    771 |   2 |  490.0 |
               +--------+--------+--------+--------+--------+-----+--------+

Top non-repeatable levels by time:
     D:1: 897 daAuts
     D:2: 83 daAuts
